 Dungeon Crawl Stone Soup version 0.30.1-11-g7821555f0a (webtiles) character file.

Game seed: 4295930193249427917

8 Ayven the Vexing (level 2, -5/16 HPs)
             Began as a Kobold Hexslinger on July 1, 2023.
             Succumbed to their own poison gas
             ... on level 1 of the Dungeon on Dec 2, 2023.
             The game lasted 00:06:01 (305 turns).

Ayven the Vexing (Kobold Hexslinger)                 Turns: 305, Time: 00:06:02

Health: -5/16      AC:  2    Str:  7    XL:     2   Next: 15%
Magic:  3/3        EV: 15    Int: 14    God:
Gold:   0          SH:  0    Dex: 15    Spells: 2/3 levels left

rFire   . . .        a - +1 sling
rCold   . . .        (no shield)
rNeg    . . .        c - +0 robe
rPois   .            (no helmet)
rElec   .            (no cloak)
rCorr   .            (no gloves)
SInv    .            (no boots)
Will    .....        (no amulet)
Stlth   ++           (no ring)
HPRegen 0.22/turn    (no ring)
MPRegen 0.08/turn

%: no passive effects
@: lethally poisoned (-5 -> -34)
A: small, no large weapons, nightstalker 3
a: no special abilities


You were on level 1 of the Dungeon.
You visited 1 branch of the dungeon, and saw 1 of its levels.

Inventory:

Hand Weapons
 a - a +1 sling (weapon)
Armour
 c - a +0 robe (worn)
 e - a +0 pair of gloves
Scrolls
 d - a scroll of identify {unknown}
Potions
 f - a potion of heal wounds {unknown}


   Skills:
 + Level 1.3 Fighting
 + Level 2.9 Ranged Weapons
 + Level 2.6 Dodging
 + Level 1.3 Spellcasting
 + Level 3.1 Hexes


You had 2 spell levels left.
You knew the following spells:

 Your Spells              Type           Power      Damage    Failure   Level
a - Slow                  Hex            36%        N/A       7%          1

Your spell library contained the following spells:

 Spells                   Type           Power      Damage    Failure   Level
 Inner Flame              Hex/Fire       5%         N/A       38%         3
 Portal Projectile        Hex/Tloc       10%        N/A       38%         3
 Cause Fear               Hex            4%         N/A       56%         4


Dungeon Overview and Level Annotations

Branches:
Dungeon (1/15)

Altars:


Innate Abilities, Weirdness & Mutations

You are small and have problems with some larger weapons.
You are completely attuned to the shadows.


Message History

You shoot a sling bullet.
The sling bullet barely misses the endoplasm.
The endoplasm freezes you.
You are frozen.
You shoot a sling bullet. The sling bullet hits the endoplasm.
You kill the endoplasm!
You open the door.
There is an open door here.
A kobold comes into view. It is wielding a +0 dagger.
A dart slug comes into view.
The kobold shouts!
You hear a shout!
A hobgoblin comes into view.
The kobold throws a stone.
The stone closely misses you.
You shoot a sling bullet. The sling bullet hits the dart slug.
The dart slug is lightly wounded.
The kobold throws a stone.
The stone misses you. The dart slug barely misses you.
You shoot a sling bullet. The sling bullet hits the dart slug!
The dart slug is almost dead.
The hobgoblin closely misses you.
Read: scroll of poison
Press: ? - help, Q - select action, (/) - cycle Dir - look around, f - activate Look: a dart slug (almost dead)
The air fills with toxic fumes!
As you read the scroll of poison, it crumbles to dust.
The dart slug misses you. The hobgoblin misses you.
The kobold barely misses you.
Really walk into that cloud of poison gas?
Uppercase [Y]es or [N]o only, please.
Really walk into that cloud of poison gas?
You are engulfed in poison gas.
You are poisoned.
You feel very sick. The dart slug launches a dart at you.
The slug dart hits you. The hobgoblin hits you. The kobold misses you.
The hobgoblin attacks as you move away! The hobgoblin misses you.
The kobold attacks as you move away! The kobold barely misses you.
You are engulfed in poison gas.
You are more poisoned.
* * * LOW HITPOINT WARNING * * *
You die...

#.# #.## #.# #.##
####.# #.## .>.#.#
................#
............#.#.#
§§§§§#§§....#.#.###.
§§§§§§§.............
§§§§§@........#.....
§§§g§###'##.........
§§§K.§§§§.....#.....
§§§§w§§§§.....#....#
###§§§§§§.....#....#
§§§#§§§.......##.#
................
.#.#.#.###...
#.....# ..


You could see a dart slug, a hobgoblin and a kobold.

Vanquished Creatures
  A ball python (D:1)
  An endoplasm (D:1)
  2 hobgoblins (D:1)
  2 bats (D:1)
  A frilled lizard (D:1)
7 creatures vanquished.

Notes
Turn   | Place    | Note
-------+----------+-------------------------------------------
     0 | D:1      | Ayven the Kobold Hexslinger began the quest for the Orb.
     0 | D:1      | Reached XP level 1. HP: 12/12 MP: 2/2
    83 | D:1      | Upgraded the game from 0.30.1 to 0.30.1-11-g7821555f0a
   215 | D:1      | Reached XP level 2. HP: 16/16 MP: 3/3
   305 | D:1      | Succumbed to their own poison gas

Illustrated notes

Levels and vault maps discovered:
D:1:      minmay_arrival_split_and_join, layout_basic

Action                     || total
---------------------------++-------
   Fire: Sling             ||    19
   Cast: Slow              ||     4
    Use: Scroll            ||     1
  Dodge: Dodged            ||    23
